[Event "Late-Titled-Tuesday-Blitz-November-28-2023"]
[Site "Chess.com"]
[Date "2023.11.28"]
[Round "5"]
[White "Goffredo_Fofi"]
[Black "Sl4werThanYou"]
[Result "1-0"]
[WhiteElo "2528"]
[BlackElo "2667"]
[TimeControl "180+1"]
[EndTime "14:54:07 PST"]
[Termination "Goffredo_Fofi won by checkmate"]

1. e4 c5 2. d3 g6 3. g3 Bg7 4. Bg2 Nc6 5. f4 h5 6. Nf3 d6 7. O-O Bg4 8. h3 Bxf3 9. Qxf3 c4 10. Nc3 cxd3 11. cxd3 Nf6 12. Be3 Qa5 13. d4 Nb4 14. e5 Nd7 15. f5 O-O 16. fxg6 fxg6 17. Qxb7 Nb6 18. Qxe7 Rae8 19. Rxf8+ Rxf8 20. Be4 dxe5 21. d5 Nc4 22. Bc5 Na6 23. b4 Qc7 24. Qxc7 Nxc7 25. d6 Nxd6 26. Bxd6 Rc8 27. Bxg6 e4 28. Rc1 Nd5 29. Ne2 Rd8 30. Bf4 h4 31. Bxe4 hxg3 32. Bxg3 Ne3 33. Bf2 Re8 34. Bxe3 Rxe4 35. Kf2 Rxb4 36.
Rc2 a6 37. Rd2 Bf6 38. Bd4 Bg5 39. Rc2 Rb5 40. Kf3 Rf5+ 41. Kg4 Rd5 42. Rc5 Rd6 43. Rxg5+ Kh7 44. Rh5+ Kg6 45. Nf4+ Kf7 46. Be5 Rd1 47. Rh7+ Kg8 48. Rg7+ Kf8 49. Kf5 Rb1 50. Ne6+ Ke8 51.
Bf6 Rb5+ 52. Ke4 Rb7 53. Rxb7 a5 54. Re7# 1-0

[Event "Late-Titled-Tuesday-Blitz-November-28-2023"]
[Site "Chess.com"]
[Date "2023.11.28"]
[Round "5"]
[White "andrzej"]
[Black "jinxy2009"]
[Result "1-0"]
[WhiteElo "2462"]
[BlackElo "2278"]
[TimeControl "180+1"]
[EndTime "14:54:07 PST"]
[Termination "andrzej won on time"]

1. e4 c5 2. Nf3 Nc6 3. d4 cxd4 4. Nxd4 e5 5. Nb5 d6 6. N1c3 a6 7. Na3 Be7 8. Nc4 b5 9. Ne3 Nf6 10. Bd3 O-O 11. O-O Be6 12. Ned5 Bxd5 13. exd5 Nd4 14.
a3 Rc8 15. Ne2 Nxe2+ 16. Qxe2 Re8 17. c4 bxc4 18. Bxc4 Nd7 19. Bxa6 Rc5 20. Rd1 f5 21. b4 Rc7 22. Bb5 Rf8 23. Bc6 Nf6 24. b5 f4 25.
b6 Rc8 26. b7 Rb8 27. a4 g5 28. a5 g4 29. a6 Qb6 30. Bd2 Kh8 31. Rdb1 Qa7 32.
Ba5 Bd8 33. Bxd8 Rfxd8 34. Kh1 Rg8 35. f3 g3 36. h3 e4 37. fxe4 Ng4 38. Qb2+ Ne5 39.
Qb6 Qxb6 40. Rxb6 f3 41. a7 f2 42. axb8=Q Rxb8 43. Rbb1 Nd3 44. Rf1 1-0

[Event "Late-Titled-Tuesday-Blitz-November-28-2023"]
[Site "Chess.com"]
[Date "2023.11.28"]
[Round "5"]
[White "karinachess1"]
[Black "Byniolus"]
[Result "0-1"]
[WhiteElo "2600"]
[BlackElo "2786"]
[TimeControl "180+1"]
[EndTime "14:54:08 PST"]
[Termination "Byniolus won on time"]

1. d4 d6 2. Nf3 Bg4 3. c4 c6 4. e4 Nd7 5. Nc3 e5 6. Be2 Ngf6 7. O-O Be7 8. h3 Bh5 9. Be3 O-O 10. Qc2 a6 11. Rfd1 Qc7 12. b4 Rfe8 13. dxe5 dxe5 14. c5 Bxf3 15. Bxf3 Nf8 16. Be2 Ne6 17.
Bc4 Bf8 18. Ne2 g6 19. a3 a5 20. Rab1 axb4 21. axb4 Nf4 22. Bxf4 exf4 23. f3 b6 24. cxb6 Qxb6+ 25. Kh2 Ra7 26. Nd4 Rc7 27. Qb3 Nh5 28. Ne2 Qb7 29. Rdc1 Kg7 30. Rd1 Kh6 31. Qc2 Qb6 32. Qd2 g5 33. Qc3 Qf2 34. Rf1 Qb6 35. Qc2 Qe3 36. Rb3 Qb6 37. Rbb1 Rd8 38. Rbd1 Rcd7 39. Rxd7 Rxd7 40. Qb3 Qe3 41. Qxe3 fxe3 42.
Ng3 Nxg3 43. Kxg3 Bxb4 0-1

[Event "Late-Titled-Tuesday-Blitz-November-28-2023"]
[Site "Chess.com"]
[Date "2023.11.28"]
[Round "5"]
[White "DanylaBagrov"]
[Black "mind1mover"]
[Result "0-1"]
[WhiteElo "2593"]
[BlackElo "2758"]
[TimeControl "180+1"]
[EndTime "14:54:08 PST"]
[Termination "mind1mover won by checkmate"]

1. e4 c5 2. b4 d6 3. Nf3 Nf6 4. bxc5 dxc5 5. Nc3 e6 6. Bb5+ Nbd7 7. a4 Be7 8. e5 Nd5 9. Ne4 a6 10. Bc4 N7b6 11. Be2 Nf4 12. O-O O-O 13. d3 Nxe2+ 14. Qxe2 Nd5 15. a5 b5 16. axb6 Qxb6 17. Nfd2 Qc7 18. Nc4 a5 19. Bb2 a4 20. Ncd6 Bd7 21.
c4 Nf4 22. Qe3 Ng6 23. Qxc5 Qxc5 24. Nxc5 Bc6 25. f4 Nh4 26. Rf2 Nf5 27. Nxf5 Bxc5 28. Bd4 Bb4 29. Nd6 a3 30. Be3 Rfd8 31. d4 Bc3 32.
Raa2 Rdb8 33. Rfc2 Rb1+ 34. Rc1 Rb2 35. Rc2 Rxc2 36.
Rxc2 a2 37. Rxc3 a1=Q+ 38. Rc1 Qb2 39. Re1 Ra1 40. Rxa1 Qxa1+ 41. Kf2 Qa2+ 42. Ke1 Bxg2 43. Bd2 Bf3 44. c5 Qa6 45. Kf2 Qe2+ 46. Kg3 Qg2+ 47.
Kh4 Qg4# 0-1

[Event "Late-Titled-Tuesday-Blitz-November-28-2023"]
[Site "Chess.com"]
[Date "2023.11.28"]
[Round "5"]
[White "VitorBronson"]
[Black "PushingpawnsNYC"]
[Result "1-0"]
[WhiteElo "2514"]
[BlackElo "2324"]
[TimeControl "180+1"]
[EndTime "14:54:08 PST"]
[Termination "VitorBronson won on time"]

1. d4 g6 2. c4 Bg7 3. Nc3 d6 4.
e4 h6 5. h4 h5 6. Nh3 a6 7.
Ng5 b6 8. Be3 Bb7 9. f3 Nd7 10.
Qc2 e5 11. d5 Nh6 12. O-O-O O-O 13. Be2 Nf6 14. Rdg1 Bc8 15. Qd1 Bd7 16. g4 b5 17.
c5 b4 18. Nb1 dxc5 19. Bxc5 Re8 20. Be3 Bb5 21. Nd2 c6 22. dxc6 Bxc6 23. gxh5 Nxh5 24. Kb1 Bb5 25. Bxb5 axb5 26. Qb3 Qe7 27. Rc1 Nf4 28. Bc5 Qd7 29. Rhd1 Ne2 30. Rc2 Nd4 31. Bxd4 exd4 32. Qxb4 d3 33. Rcc1 Ra4 34. Qb3 Rea8 35. a3 b4 36. Nc4 bxa3 37. Rxd3 axb2 38. Nxb2 Ra1+ 39. Kc2 Qc6+ 40. Qc4 Qf6 41. Rb3 R1a2 42. Rb1 Qd8 43. Rd3 Qe8 44. Kd1 Rc8 45. Qxa2 Qc6 46. Qc4 Qa8 47.
Qd5 Qb8 48. Rc1 Qh2 49. Rxc8+ Bf8 50. Rxf8+ Kxf8 51. Qd6+ Kg8 52. Qxh2 1-0

[Event "Late-Titled-Tuesday-Blitz-November-28-2023"]
[Site "Chess.com"]
[Date "2023.11.28"]
[Round "5"]
[White "wallowss"]
[Black "oogee"]
[Result "0-1"]
[WhiteElo "2137"]
[BlackElo "2311"]
[TimeControl "180+1"]
[EndTime "14:54:08 PST"]
[Termination "oogee won on time"]

1. d4 g6 2. c4 Bg7 3. e4 d6 4. Nc3 Nd7 5. f3 e5 6. d5 a5 7.
Be3 f5 8. Qd2 f4 9. Bf2 g5 10. Bd3 Ne7 11. g3 O-O 12. gxf4 gxf4 13. O-O-O a4 14. h4 Kh8 15. Nh3 b6 16. Rdg1 Nc5 17. h5 Ng8 18. Ng5 h6 19. Nh3 Bf6 20.
Bf1 Bd7 21. Be1 Nb3+ 22. axb3 axb3 23. Kd1 Ra2 24. Nf2 Qa8 25. Bh3 Ra1+ 26. Ke2 Qa6 27.
Bxd7 Qxc4+ 28. Qd3 Qb4 29. Ng4 Bg5 30. Be6 Rfa8 31.
Bxg8 Rxg8 32. Nf2 Qc5 33. Nfd1 Rc1 34. Bd2 Rc2 35. Rg2 Ra8 36. Rhg1 Ra1 37. Rxg5 hxg5 38. Rxg5 b5 39. Qxb5 Rxd2+ 40. Kxd2 Qd4+ 41. Qd3 Qb4 42. Qa6 Qd4+ 0-1

[Event "Late-Titled-Tuesday-Blitz-November-28-2023"]
[Site "Chess.com"]
[Date "2023.11.28"]
[Round "5"]
[White "Koksal06"]
[Black "eljanov"]
[Result "0-1"]
[WhiteElo "2625"]
[BlackElo "2874"]
[TimeControl "180+1"]
[EndTime "14:54:10 PST"]
[Termination "eljanov won by checkmate"]

1. d4 d5 2. c4 e6 3. Nc3 Nf6 4. Nf3 Nbd7 5. Bg5 h6 6. Bh4 Be7 7.
e3 O-O 8. Rc1 c6 9. Bd3 Ne8 10.
Bg3 Nd6 11. c5 Nf5 12. Bxf5 exf5 13. O-O Nf6 14. b4 Ne4 15. a4 a6 16. Qb3 Bd7 17.
Be5 f6 18. Bg3 g5 19. b5 h5 20. bxc6 bxc6 21. Nxe4 fxe4 22. Nd2 h4 23. Bd6 h3 24. Nxe4 hxg2 25. Rfe1 Kg7 26. Bxe7 Qxe7 27. Nd6 Rh8 28. e4 Rh3 29. Rc3 Rah8 30. Rxh3 Rxh3 31. Qb1 dxe4 32.
Rxe4 Qd8 33. Qe1 Kf8 34. Kxg2 Rb3 35. f3 Qb8 36. Re7 Rb1 37. Rf7+ Kg8 38. Qe2 Rb2 39. Qxb2 Qxb2+ 40. Kg3 Be6 41. Rxf6 Bd5 42. Rg6+ Kh7 43.
Rxg5 Qxd4 44. Rg4 Qg1+ 45. Kh4 Qxh2+ 46. Kg5 Qe5+ 47. Nf5 Be6 48. Rh4+ Kg8 49. Rf4 Qxc5 50. Kf6 Bxf5 51. Rxf5 Qd4+ 52. Kg6 Qxa4 53. f4 Qe4 54.
Kg5 Kg7 55. Re5 Qg2+ 56. Kf5 Qg6# 0-1

[Event "Late-Titled-Tuesday-Blitz-November-28-2023"]
[Site "Chess.com"]
[Date "2023.11.28"]
[Round "5"]
[White "AsaHoffmann"]
[Black "Siemba"]
[Result "0-1"]
[WhiteElo "2336"]
[BlackElo "2602"]
[TimeControl "180+1"]
[EndTime "14:54:10 PST"]
[Termination "Siemba won by resignation"]

1. d4 Nf6 2. Bg5 Ne4 3. Bf4 c5 4. f3 Nf6 5. dxc5 b6 6. e4 bxc5 7. Nc3 Nc6 8. Bc4 d6 9. Nge2 e5 10. Bg5 Be7 11. Bxf6 gxf6 12. Qd5 Nb4 13. Qxf7+ Kd7 14.
Bb5+ Kc7 15. Nd5+ Nxd5 16. Qxd5 Bb7 17. Qc4 Qg8 18. Qxg8 Rhxg8 19. g4 h5 20. h3 f5 21. gxf5 Rg2 22. O-O-O Rb8 23. Rdg1 Rbg8 24. Rxg2 Rxg2 25. Rg1 Rxg1+ 26. Nxg1 d5 27. exd5 Bxd5 28. Bd3 Bg5+ 29. Kd1 Be3 30. Ne2 Bxf3 31. f6 e4 32. Bc4 Kd6 33. Ke1 Bg5 34. f7 Ke7 35. Nc3 Bg2 36. Kf2 Bxh3 37. Nxe4 Bc1 38. b3 Bf5 39. Nxc5 Bxc2 40. Kg3 Ba3 41. Nb7 Be4 42. Na5 Bb4 43. Kf4 Bh1 44. Kg5 Bxa5 45. Kxh5 Bc3 46. Kg5 Be4 47. Kf4 Bg6 48. Ke3 Be5 49. a4 Bc3 50. Kf4 Bxf7 51. Bxf7 Kxf7 52. Ke4 Ke6 53. Kd3 Bb4 54.
Kc4 a5 55. Kd4 Kf5 56. Kd5 Kf4 57. Kd4 Kf3 58. Kd3 Kf2 59. Kc2 Ke2 60. Kb2 Kd2 61. Ka2 Kc2 62. Ka1 Kxb3 63. Kb1 Kxa4 64. Kc2 Ka3 0-1

[Event "Late-Titled-Tuesday-Blitz-November-28-2023"]
[Site "Chess.com"]
[Date "2023.11.28"]
[Round "5"]
[White "vladoboch"]
[Black "NotFischer"]
[Result "1-0"]
[WhiteElo "2421"]
[BlackElo "2335"]
[TimeControl "180+1"]
[EndTime "14:54:13 PST"]
[Termination "vladoboch won by resignation"]

1. e4 c5 2. Nf3 d6 3. d4 cxd4 4. Nxd4 Nf6 5. Nc3 g6 6. Be2 Nc6 7. O-O Bg7 8. Nb3 O-O 9. Bg5 Bd7 10. Kh1 Rc8 11. f4 Na5 12. e5 Ne8 13. exd6 Nxd6 14. Nxa5 Qxa5 15. Bxe7 Nf5 16. Bxf8 Bc6 17. Bxg7 Ne3 18.
Qd4 Bxg2+ 19. Kg1 Bxf1 20. Bxf1 Nf5 21. Qd7 Qc5+ 22. Kh1 Kxg7 23. Rd1 Rc7 24. Qd5 Qf2 25. Qe5+ Kh6 26. Qxc7 Ne3 27. Qxb7 Nxd1 28. Qg2 Qe1 29. Nxd1 Qxd1 30. Qe2 Qd5+ 31. Bg2 Qxa2 32. b3 Qa1+ 33. Bf1 Qd4 34. Qf3 f5 35. Bd3 Qa1+ 36. Kg2 Qb2 37. Qf2 Qf6 38. Qxa7 Qh4 39. Qf2 Qg4+ 40. Qg3 Qd1 41.
Qh4+ Kg7 42. b4 Qd2+ 43. Qf2 Qxb4 44. Qe3 Qb7+ 45. Qf3 Qb6 46. Qe2 Qc6+ 47. Kg3 Qc5 48. Qe5+ Qxe5 49. fxe5 Kf7 50. Kf4 h6 51. h4 1-0

[Event "Late-Titled-Tuesday-Blitz-November-28-2023"]
[Site "Chess.com"]
[Date "2023.11.28"]
[Round "5"]
[White "venturov"]
[Black "Good_Knight_Kiss"]
[Result "1/2-1/2"]
[WhiteElo "2477"]
[BlackElo "2317"]
[TimeControl "180+1"]
[EndTime "14:54:16 PST"]
[Termination "Game drawn by repetition"]

1. Nf3 Nf6 2. g3 g6 3. Bg2 Bg7 4. O-O O-O 5. d4 d6 6. c4 Nbd7 7. Nc3 e5 8. h3 c6 9. e4 Qb6 10. Be3 Qxb2 11. Qb3 Qxb3 12. axb3 exd4 13. Nxd4 Re8 14.
Nde2 Nc5 15. Bxc5 dxc5 16. f4 Nd7 17. e5 f6 18. exf6 Nxf6 19. g4 Be6 20. Rac1 Rad8 21.
f5 gxf5 22. gxf5 Bc8 23. Ng3 Rd3 24. Rf3 Rxf3 25. Bxf3 Re3 26. Kf2 Ng4+ 27. hxg4 Rxc3 28. Rxc3 Bxc3 29. Ne4 Bd4+ 30. Ke2 b5 31. Kd3 a5 32. Nd6 Bd7 33. g5 a4 34. bxa4 bxa4 35. Kc2 Kf8 36. f6 Be5 37. Ne4 Bf4 38. Nxc5 Bf5+ 39. Kb2 Bxg5 40. Bxc6 Bxf6+ 41. Ka2 a3 42. Ne4 Be7 43.
c5 Bxe4 44. Bxe4 Bxc5 45. Bxh7 Ke7 46. Bc2 Kd6 47. Bb3 Ke5 48. Bd1 Kd4 49. Bb3 Kc3 50.
Be6 Bd6 51. Bb3 Be7 52. Be6 Bd6 53. Bg8 Be7 54. Bf7 Bd6 55. Bg8 Be7 56. Be6 Bd6 1/2-1/2

[Event "Late-Titled-Tuesday-Blitz-November-28-2023"]
[Site "Chess.com"]
[Date "2023.11.28"]
[Round "5"]
[White "Angry_Twin"]
[Black "vi_pranav"]
[Result "1-0"]
[WhiteElo "2960"]
[BlackElo "3052"]
[TimeControl "180+1"]
[EndTime "14:54:17 PST"]
[Termination "Angry_Twin won by resignation"]

1. e4 e5 2. Nf3 Nc6 3. Bc4 Nf6 4. d3 h6 5. c3 d6 6. O-O g6 7. Re1 Bg7 8. Bb3 O-O 9. h3 Be6 10. d4 Bxb3 11. Qxb3 exd4 12. cxd4 Re8 13. Nc3 Qd7 14.
Bf4 Nh5 15. Be3 a6 16. Rad1 b5 17. e5 Na5 18. Qc2 Nc4 19. g4 dxe5 20. dxe5 Qe6 21.
Qe2 g5 22. Nd5 Rac8 23. gxh5 Qxh3 24. Nh2 Nxe5 25. f4 Nc4 26. Qg4 Qxg4+ 27. Nxg4 Re6 28. f5 Rxe3 29. Ndxe3 Nxb2 30. Rd7 Nc4 31. Nxc4 bxc4 32. f6 Bf8 33. Rc1 c5 34. Rxc4 Re8 35. Kf2 Re6 36. Rd8 a5 37. Nxh6+ Kh7 38. Rxf8 Rxf6+ 39. Kg3 Kxh6 40. Rxc5 Rf1 41. Rg8 f6 42. Rh8+ Kg7 43.
Rcc8 f5 44. h6+ Kg6 45. Rc6+ Kh5 46. h7 f4+ 47. Kg2 Rd1 48. Rg8 Rd2+ 49. Kf1 Rd1+ 50.
Ke2 1-0

[Event "Late-Titled-Tuesday-Blitz-November-28-2023"]
[Site "Chess.com"]
[Date "2023.11.28"]
[Round "5"]
[White "NoHeThTo"]
[Black "Rakitic2010"]
[Result "0-1"]
[WhiteElo "2678"]
[BlackElo "2472"]
[TimeControl "180+1"]
[EndTime "14:54:17 PST"]
[Termination "Rakitic2010 won by checkmate"]

1. d4 Nf6 2. Nc3 d5 3. Bf4 a6 4. e3 b5 5. Bd3 e6 6. Nf3 Bb7 7.
O-O Nbd7 8. Ne2 c5 9. c3 Be7 10. Ne5 O-O 11. h3 c4 12. Bc2 b4 13.
Bh2 Nxe5 14. Bxe5 Nd7 15. Bh2 a5 16. Nf4 g6 17. f3 Bg5 18. Qe2 Bc6 19. g4 Qe7 20. e4 dxe4 21. fxe4 e5 22. Qxc4 Rac8 23. Nd5 Bxd5 24. Qxd5 Be3+ 25. Kh1 exd4 26. Bd6 Qh4 27. Kg2 Nf6 28. Qe5 Nd7 29. Qd5 Nf6 30. Qb7 Rfd8 31. e5 Nxg4 32. Qxf7+ Kh8 33. Be7 Bg5 34. Bxd8 Ne3+ 35.
Kh2 Rxd8 36. Bb3 Ng4+ 37. Kg2 Ne3+ 38. Kf3 Qxh3+ 39. Ke4 Qg2+ 40. Kd3 dxc3+ 41. Bd5 Rxd5+ 42. Qxd5 Qxd5+ 43. Ke2 Qd2+ 44. Kf3 Nxf1 45. Rxf1 Qd3+ 46.
Kg4 Qxf1 47. Kxg5 Qf5+ 48. Kh6 Qf4# 0-1

[Event "Late-Titled-Tuesday-Blitz-November-28-2023"]
[Site "Chess.com"]
[Date "2023.11.28"]
[Round "5"]
[White "SaqoChess_Twitch"]
[Black "Bryanl106"]
[Result "0-1"]
[WhiteElo "2614"]
[BlackElo "2466"]
[TimeControl "180+1"]
[EndTime "14:54:19 PST"]
[Termination "Bryanl106 won by resignation"]

1. d4 Nf6 2. c4 g6 3. Nc3 c5 4. d5 Bg7 5. e4 d6 6. Nf3 O-O 7. Be2 e6 8. O-O Na6 9. h3 Re8 10. Bf4 exd5 11. exd5 Ne4 12. Nxe4 Rxe4 13. Bg5 Bf6 14.
Bxf6 Qxf6 15. Bd3 Re8 16. b3 Nb4 17. a3 Nxd3 18. Qxd3 Bf5 19. Qd2 Bxh3 20. Qh6 Bf5 21. Ng5 Qg7 22. Qh2 h6 23. Nf3 Rad8 24. Rfe1 Be4 25.
Nd2 Bd3 26. Rad1 Be2 27. Rc1 h5 28. Qf4 Qe5 29. Qxe5 Rxe5 30. f4 Ree8 31. Kf2 Bd3 32. Nf3 Bf5 33. Ng5 Kg7 34. g3 Rb8 35. b4 b6 36. Nf3 Kf8 37. Ng5 f6 38. Ne6+ Bxe6 39.
dxe6 f5 40. Rcd1 Ke7 41. b5 a6 42. a4 axb5 43. axb5 Ra8 44. Rd2 Ra4 45. Red1 Rd8 46. Rc1 Kxe6 47. Re2+ Kf7 48. Rce1 Rd7 49. Re8 Rxc4 50.
Rb8 Rc2+ 51. Kg1 d5 52. Rxb6 d4 53. Ree6 d3 54. Rf6+ Ke7 55. Rbe6+ Kd8 56. Rd6 d2 57. Rf8+ Ke7 58. Rf7+ Kxd6 59. Rxd7+ Kxd7 0-1

[Event "Late-Titled-Tuesday-Blitz-November-28-2023"]
[Site "Chess.com"]
[Date "2023.11.28"]
[Round "5"]
[White "melissa_guez"]
[Black "The_Princess_Moon"]
[Result "1/2-1/2"]
[WhiteElo "2249"]
[BlackElo "2389"]
[TimeControl "180+1"]
[EndTime "14:54:21 PST"]
[Termination "Game drawn by repetition"]

1. e4 c5 2. Nf3 a6 3. c4 Nc6 4. d4 cxd4 5. Nxd4 Nxd4 6. Qxd4 d6 7. Nc3 Nf6 8. Be2 g6 9. O-O Bg7 10. Qd3 O-O 11. Be3 Be6 12. f3 Qa5 13. Rac1 Rfc8 14.
b3 Nd7 15. f4 Nc5 16. Bxc5 Qxc5+ 17. Kh1 Bxc3 18. Rxc3 b5 19. f5 Bd7 20. Qf3 Be8 21. Rfc1 b4 22. Re3 Qe5 23. Rf1 a5 24. Qg4 a4 25.
Qh4 Rc7 26. Rh3 Qg7 27. e5 dxe5 28. Bf3 Bc6 29. Bxc6 Rxc6 30. Qxe7 Qf8 31. Qxe5 Re8 32. Qd5 Rd6 33. Qf3 axb3 34. axb3 Red8 35. f6 Rd2 36. Qg3 Rd1 37. Qf3 Rxf1+ 38. Qxf1 Qd6 39. Rf3 h5 40. g3 Qd4 41. Kg2 Rd6 42. Qf2 Qe4 43. Qf1 Rxf6 44. h4 Rxf3 45. Qxf3 Qc2+ 46. Kh3 Qc3 47. Qa8+ Kg7 48.
Qd8 Qxb3 49. Qd4+ Kh7 50. Qd5 Kg7 51. Qd4+ Kg8 52. Qd8+ Kh7 53. Qd5 Kg7 54. Qd4+ 1/2-1/2

[Event "Late-Titled-Tuesday-Blitz-November-28-2023"]
[Site "Chess.com"]
[Date "2023.11.28"]
[Round "5"]
[White "Mikhail_Golubev"]
[Black "giomar27"]
[Result "1-0"]
[WhiteElo "2592"]
[BlackElo "2423"]
[TimeControl "180+1"]
[EndTime "14:54:22 PST"]
[Termination "Mikhail_Golubev won on time"]

1. e4 e5 2. Nf3 Nc6 3. Bc4 Nf6 4. Ng5 d5 5. exd5 Na5 6. Bb5+ c6 7. dxc6 bxc6 8. Bd3 Ng4 9. Nh3 Bc5 10. O-O O-O 11. Be2 Qh4 12. c3 Be6 13. b4 Bd6 14. f3 Nxh2 15.
Kxh2 Bxh3 16. gxh3 Qf4+ 17. Kh1 e4 18. Rf2 Qg3 19.
Qg1 Qxh3+ 20. Rh2 Bxh2 21. Qxh2 Qxh2+ 22. Kxh2 exf3 23. Bxf3 Nc4 24. Bxc6 Rac8 25. Bd7 Rcd8 26. Bb5 Nd6 27. Bf1 Rfe8 28. Na3 Re1 29. Kg2 Ne4 30. Nc2 Rd1 31. Be2 R1xd2 32. Bxd2 Rxd2 33. Rd1 Rxe2+ 34. Kf3 Rd2 35. Rxd2 Nxd2+ 36. Ke3 Nc4+ 37. Kd4 Nd6 38. c4 h5 39. c5 Nc8 40.
Kd5 h4 41. Ne3 h3 42. Nf1 f5 43. Ke5 g6 44. Kf6 Kh7 45. Kg5 Kg7 46. a4 Kf7 47. b5 Ke6 48. Kh4 Kd5 49. c6 Kc5 50. Kxh3 Kb4 51. Nd2 Kxa4 52. Nf3 Kxb5 53. Ne5 1-0

[Event "Late-Titled-Tuesday-Blitz-November-28-2023"]
[Site "Chess.com"]
[Date "2023.11.28"]
[Round "5"]
[White "Alex_Sahakyan2006"]
[Black "BigAl"]
[Result "1-0"]
[WhiteElo "2701"]
[BlackElo "2553"]
[TimeControl "180+1"]
[EndTime "14:54:28 PST"]
[Termination "Alex_Sahakyan2006 won by resignation"]

1. b3 b6 2. Bb2 Bb7 3. Nf3 e6 4.
c4 Nf6 5. e3 c5 6. Nc3 Qc7 7. Rc1 a6 8. Be2 Be7 9. d4 cxd4 10.
exd4 d6 11. O-O Nbd7 12. d5 e5 13. Ne4 Nxe4 14. b4 O-O 15. Bd3 Nef6 16. Bf5 g6 17. Bh3 a5 18. a3 axb4 19. axb4 Rfe8 20. Re1 Bf8 21. Qd2 Bg7 22. Re2 Ra2 23. g3 h6 24. Qc3 Qb8 25. g4 Qa8 26. g5 Nh5 27. gxh6 Bxh6 28. Bxd7 Rd8 29. Bg4 Nf4 30. Rxe5 dxe5 31.
Qxe5 Rxb2 32. Qxb2 Nd3 33. Qf6 Nxc1 34. Be6 fxe6 35.
Qxg6+ Bg7 36. Qxe6+ Kf8 37. Ng5 Ne2+ 38. Kf1 Qa1+ 39.
Kxe2 Qe5+ 40. Qxe5 Bxe5 41. Ne6+ Ke7 42. Nxd8 Kxd8 43.
h4 Bc3 44. b5 Bf6 45. h5 Ke7 46. Kd3 Bc8 47. Ke4 Kd6 48. f4 Kc5 49. h6 Kxc4 50.
d6 Kxb5 51. Kd5 Bd7 52. h7 Ka4 53. Kc4 b5+ 54. Kc5 b4 55. Kb6 Bd8+ 56. Kb7 b3 57. h8=Q Ba5 58. Qa1+ Kb5 59. Qb1 Kc4 60. Qe4+ Kc3 61.
Qe1+ 1-0

[Event "Late-Titled-Tuesday-Blitz-November-28-2023"]
[Site "Chess.com"]
[Date "2023.11.28"]
[Round "5"]
[White "lluiss"]
[Black "colegiodemadrid"]
[Result "1/2-1/2"]
[WhiteElo "2207"]
[BlackElo "2489"]
[TimeControl "180+1"]
[EndTime "14:54:30 PST"]
[Termination "Game drawn by repetition"]

1. Nf3 Nf6 2. d4 e6 3. g3 d5 4. Bg2 a5 5. O-O c6 6. a4 Bb4 7. Ne5 Nbd7 8. Nd3 Be7 9. b3 O-O 10. Ba3 Re8 11. Bxe7 Qxe7 12. Nd2 e5 13. dxe5 Nxe5 14.
e3 Bg4 15. Qc1 Ne4 16. Nxe5 Qxe5 17. Nf3 Qh5 18. Nd4 Bh3 19. Qd1 Qh6 20. Qd3 Ng5 21. Bxh3 Qxh3 22. Qf5 Qh5 23. h4 c5 24. Qxg5 Qxg5 25. hxg5 cxd4 26. exd4 Re2 27. c4 Rd8 28. c5 Re4 29. Rad1 Rg4 30. Rfe1 Kf8 31. Re5 f6 32. gxf6 gxf6 33. Re6 Kf7 34. Rb6 Rd7 35. b4 axb4 36. Rxb4 h5 37. Rdb1 Kg6 38. Rxb7 Rd8 39. c6 Rxd4 40.
c7 Rc8 41. Rc1 Rc4 42. Rxc4 dxc4 43. a5 c3 44. Rb1 c2 45. Rc1 Rxc7 46. a6 Kf5 47. a7 Rxa7 48. Rxc2 Kg5 49. Kg2 Ra3 50.
Rc5+ f5 51. Rc4 Rb3 52. Rh4 Rc3 53. Rf4 Rc2 54. Rh4 Re2 55. Rf4 Re4 56. Rxe4 fxe4 57. Kh3 Kf6 58. Kh4 Kg6 59. g4 hxg4 60. Kxg4 e3 61.
fxe3 Kf6 62. Kf4 Ke6 63. e4 Kf6 64. Ke3 Ke5 65. Kd3 Ke6 66. Ke3 Ke5 67. Kf3 Ke6 68.
Ke3 Ke5 1/2-1/2

[Event "Late-Titled-Tuesday-Blitz-November-28-2023"]
[Site "Chess.com"]
[Date "2023.11.28"]
[Round "5"]
[White "SEBAZZANO"]
[Black "OneTrickPony_82"]
[Result "0-1"]
[WhiteElo "2263"]
[BlackElo "2470"]
[TimeControl "180+1"]
[EndTime "14:54:31 PST"]
[Termination "OneTrickPony_82 won on time"]

1. d4 Nf6 2. Bf4 d5 3. e3 c5 4. c3 Nc6 5. Nd2 Bf5 6. Qb3 Qc8 7. Ngf3 c4 8. Qd1 e6 9. Ne5 h6 10. Be2 Nxe5 11. Bxe5 Nd7 12. Bg3 Be7 13. O-O O-O 14. Bf3 Bd3 15. Be2 Bg6 16. Bf3 f5 17. Bh5 Qe8 18. Bxg6 Qxg6 19. Nf3 b5 20. a3 a5 21. Ne5 Nxe5 22. Bxe5 Rfc8 23. f4 b4 24. axb4 axb4 25. Rf3 Bf6 26. cxb4 Bxe5 27. fxe5 Qg4 28. Rf1 Qe4 29. Qd2 Rcb8 30. Qc3 Kh7 31. Ra3 Rf8 32. g3 h5 33. Rf4 Qb1+ 34. Rf1 Qe4 35. Rf4 Rxa3 36.
bxa3 Qb1+ 37. Rf1 Qa2 38. Ra1 Qe2 39. Re1 Qg4 40. b5 h4 41. Kf2 h3 42. b6 Qe4 43.
Rg1 Rb8 44. Qb2 c3 45. Qxc3 Rxb6 46. g4 fxg4 47. Kg3 Qf3+ 48. Kh4 g5+ 49. Kh5 Rb7 50.
Rxg4 Rg7 0-1

[Event "Late-Titled-Tuesday-Blitz-November-28-2023"]
[Site "Chess.com"]
[Date "2023.11.28"]
[Round "5"]
[White "Andrei_Skvortsov"]
[Black "OparinGrigoriy"]
[Result "0-1"]
[WhiteElo "2753"]
[BlackElo "3004"]
[TimeControl "180+1"]
[EndTime "14:54:32 PST"]
[Termination "OparinGrigoriy won by resignation"]

1. e4 c6 2. c4 d5 3. cxd5 cxd5 4. e5 Nc6 5. d4 Bf5 6. Bd3 Bxd3 7. Qxd3 e6 8. Nf3 Rc8 9. Nc3 Bb4 10. O-O Nge7 11.
Bg5 h6 12. Bh4 Qb6 13. Na4 Qa5 14. Nc3 Nf5 15. Rfc1 O-O 16. Bg3 Qa6 17. Qxa6 bxa6 18. Ne2 g5 19. h3 h5 20. a3 Be7 21. Rd1 Na5 22. Ne1 Nb3 23. Rab1 a5 24. Bh2 a4 25. g4 Nh4 26. Bg3 hxg4 27. Bxh4 gxh4 28. hxg4 f6 29. Nf4 Kf7 30. Nf3 Rg8 31. Nh2 Rc4 32.
Ne2 fxe5 33. dxe5 h3 34. Rd3 Rh8 35. Rf3+ Ke8 36. Nc3 Bg5 37. Re1 Ke7 38. Rd3 Bd2 39. Rf1 Bf4 40. Nf3 Rg8 41. Kh1 Rxg4 42. Rg1 Rxg1+ 43. Kxg1 d4 44. Ne2 Bh6 45. Kh2 Rc2 46.
Nexd4 Rxf2+ 47. Kxh3 Rxb2 48. Nc6+ Kf7 49. Kg4 Kg6 50.
Nh4+ Kh7 51. Rd7+ Bg7 52. Nf3 Rg2+ 53. Kf4 Nc5 54. Nd8 Nxd7 55. Nxe6 Ra2 56. Kf5 Rxa3 57.
Nfg5+ Kg8 58. Nc7 Nxe5 0-1

[Event "Late-Titled-Tuesday-Blitz-November-28-2023"]
[Site "Chess.com"]
[Date "2023.11.28"]
[Round "5"]
[White "GoValya"]
[Black "Nf3c5"]
[Result "0-1"]
[WhiteElo "2220"]
[BlackElo "2497"]
[TimeControl "180+1"]
[EndTime "14:54:33 PST"]
[Termination "Nf3c5 won on time"]

1. d4 Nf6 2. c4 e6 3. a3 c5 4. d5 exd5 5. cxd5 d6 6. g3 g6 7. Bg2 Bg7 8. Nf3 O-O 9. O-O Re8 10.
Nc3 a6 11. a4 Ne4 12. Nxe4 Rxe4 13. Rb1 b5 14. axb5 axb5 15. Bf4 Bf5 16. Ra1 Na6 17.
Nh4 Rxf4 18. gxf4 Qxh4 19. Qb3 b4 20. Qc4 Nc7 21. Rxa8+ Nxa8 22. Qb5 Qd8 23. Ra1 Nc7 24. Qc6 Bxb2 25. Ra7 Kg7 26. Rxc7 b3 27. Qb7 Qf6 28. Qxb3 Bc3 29. Rb7 Bb4 30. h3 Qa1+ 31. Kh2 Qd4 32. e3 Qf6 33. Rb6 g5 34. fxg5 Qe5+ 35. f4 Qa1 36. Rxd6 Qe1 37. Qb2+ Bc3 38. Qb3 Qxe3 39.
Qc4 Bd4 40. Qf1 c4 41. Rc6 c3 42. Qf3 Qd2 43. Qf1 c2 44. Rxc2 Qxc2 45. d6 Qd2 46.
h4 Be3 47. h5 Bxf4+ 48. Kh1 Qxd6 49. h6+ Kg6 50. Qf3 Bxg5 51. Bf1 Qf4 52. Qg2 Kxh6 0-1

[Event "Late-Titled-Tuesday-Blitz-November-28-2023"]
[Site "Chess.com"]
[Date "2023.11.28"]
[Round "5"]
[White "SanchezKelvin"]
[Black "egnfanclub"]
[Result "1-0"]
[WhiteElo "2527"]
[BlackElo "2344"]
[TimeControl "180+1"]
[EndTime "14:54:34 PST"]
[Termination "SanchezKelvin won by resignation"]

1. e4 e5 2. Nf3 Nc6 3. Bb5 a6 4. Ba4 d6 5. c4 Bg4 6. h3 Bd7 7.
Nc3 Nf6 8. d3 Be7 9. Bg5 Nd4 10.
Bxf6 Bxf6 11. Bxd7+ Qxd7 12. Nxd4 exd4 13. Nd5 Bd8 14.
O-O c6 15. Nf4 O-O 16. Qg4 Qxg4 17. hxg4 Bg5 18. Ne2 c5 19. f4 Be7 20. a4 g6 21.
g5 f5 22. exf5 gxf5 23. Ng3 Rf7 24. Rfe1 Bf8 25. Re6 Rb8 26. Rae1 b5 27. axb5 axb5 28. b3 bxc4 29. bxc4 Rb3 30. Re8 Rxd3 31. Nh5 Re3 32. R1xe3 dxe3 33. Kf1 Rb7 34. Rxe3 Rb4 35. Rc3 Bg7 36.
Rc2 Bd4 37. Ng3 Rb1+ 38. Ke2 Rg1 39. Kf3 Kf7 40. Nxf5 Rf1+ 41. Ke4 Ke6 42. Nxd4+ cxd4 43. g3 Rd1 44. f5+ Ke7 45. Rf2 d3 46. Kd5 d2 47.
g4 Kf7 48. Kxd6 Rg1 49. Rxd2 Rxg4 50. c5 Rf4 51. Rd5 Rc4 52. c6 h5 53. gxh6 Kf6 54. c7 Kf7 55. h7 Kg7 56. Rc5 Rd4+ 57. Ke5 1-0